 Dungeon Crawl Stone Soup version 0.30.1-11-g7821555f0a (webtiles) character file.

Game seed: 16759314662197324435

2524 eatmyshorts the Cleaver (level 9, -23/118 HPs)
             Began as a Minotaur Berserker on Dec 12, 2023.
             Was an Elder of Trog.
             Killed from afar by Erica (29 damage)
             ... with a bolt of poison
             ... on level 8 of the Dungeon.
             The game lasted 00:15:29 (6882 turns).

eatmyshorts the Cleaver (Minotaur Berserker)        Turns: 6882, Time: 00:15:30

Health: -23/118    AC: 11    Str: 26    XL:     9   Next: 29%
Magic:  8/8        EV: 12    Int:  4    God:    Trog [****..]
Gold:   332        SH:  0    Dex: 10    Spells: 8/8 levels left

rFire   . . .        s - +3 war axe
rCold   . . .        (no shield)
rNeg    . . .        e - +0 ring mail
rPois   .            (helmet restricted)
rElec   .            n - +1 cloak
rCorr   .            x - +0 pair of gloves
SInv    .            E - +0 pair of boots
Will    .....        (no amulet) Stlth
                     (no ring)
HPRegen 0.39/turn    (no ring)
MPRegen 0.11/turn

%: no passive effects
@: berserking, lethally poisoned (-23 -> -40), very quick
A: horns 2, retaliatory headbutt
a: Renounce Religion, Berserk, Trog's Hand, Brothers in Arms


You were on level 8 of the Dungeon.
You worshipped Trog.
Trog was greatly pleased with you.
You visited 1 branch of the dungeon, and saw 9 of its levels.
You also visited: Sewer.

You collected 449 gold pieces.
You spent 117 gold pieces at shops.

Inventory:

Hand Weapons
 a - a +0 hand axe
 m - a +4 quarterstaff of chaos
 s - a +3 war axe (weapon)
 v - a +1 flail of protection
Missiles
 g - a throwing net (quivered)
 o - 11 poisoned darts
 A - 3 boomerangs
Armour
 b - a +0 animal skin
 e - a +0 ring mail (worn)
 n - a +1 cloak (worn)
 x - a +0 pair of gloves (worn)
 E - a +0 pair of boots (worn)
 G - a +0 plate armour
 H - a +0 helmet
Magical Staves
 r - a staff of earth
Jewellery
 y - a ring of flight
Wands
 l - a wand of polymorph (9)
 z - a wand of mindburst (7)
 D - a wand of flame (10)
 F - a wand of light (12)
Scrolls
 d - a scroll of identify
 f - 6 scrolls of teleportation
 k - a scroll of magic mapping
 t - 2 scrolls of poison
 u - 2 scrolls of vulnerability
Potions
 c - a potion of cancellation
 h - 3 potions of curing
 i - 2 potions of haste
 j - 3 potions of attraction {unknown}
 p - 4 potions of might {unknown}
 q - a potion of magic {unknown}
 w - a potion of flight {unknown}
 B - a potion of heal wounds {unknown}
 C - a potion of invisibility {unknown}
 I - a potion of lignification {unknown}
 J - a potion of ambrosia {unknown}


   Skills:
 + Level 7.3 Fighting
 + Level 10.9 Axes
 + Level 7.3 Armour
 + Level 5.0 Dodging
 + Level 2.0 Stealth


You had 8 spell levels left.
You didn't know any spells.
Your spell library contained the following spells:

 Spells                   Type           Power      Damage    Failure   Level
 Summon Small Mammal      Summ           0%         N/A       63%         1
 Call Canine Familiar     Summ           0%         N/A       94%         3
 Summon Guardian Golem    Hex/Summ       0%         N/A       94%         3


Dungeon Overview and Level Annotations

Branches:
Dungeon (9/15)             Temple (0/1) D:5           Sewer (visited)
   Lair: D:8-11         Orc: D:9-12

Altars:
Ashenzari
Kikubaaqudgha
Okawaru
Trog
Uskayaw
Xom
Yredelemnul
Zin
The Shining One

Shops:
D:1 (   D:6 :

Annotations:
D:8 Erica


Innate Abilities, Weirdness & Mutations

You have a pair of horns on your head.
You reflexively headbutt those who attack you in melee.


Message History

You closely miss the wyvern.
The wyvern is severely wounded.
The orc shouts!
The wyvern bites you but does no damage.
An orc wizard comes into view. It is wielding a +0 dagger.
The kobold throws a stone.
The wyvern bites you!
* * * LOW HITPOINT WARNING * * *
A red film seems to cover your vision as you go berserk!
You feel yourself moving faster!
You feel mighty! The wyvern bites you!
* * * LOW HITPOINT WARNING * * *
Something hits you!
* * * LOW HITPOINT WARNING * * *
Something burns you.
* * * LOW HITPOINT WARNING * * *
You closely miss the wyvern. Your headbutt misses the wyvern.
The wyvern is severely wounded.
You barely miss something. The wyvern bites you.
* * * LOW HITPOINT WARNING * * *
Something hits you.
* * * LOW HITPOINT WARNING * * *
Something burns you.
* * * LOW HITPOINT WARNING * * *
You barely miss the wyvern. Your headbutt misses the wyvern.
The wyvern is severely wounded.
You slash something! The wyvern misses you. You furiously retaliate!
You headbutt the wyvern!
You kill the wyvern!
Trog accepts your kill.
Your Dodging skill increases to level 5!
You closely miss something. Something hits you but does no damage.
You slice something!! You closely miss the kobold.
The kobold closely misses you. You furiously retaliate!
You headbutt the kobold!
You kill the kobold!
Trog accepts your kill.
You hear some strange, mumbled words.
A bolt of poison appears from out of thin air!
The bolt of poison hits you!!
You are lethally poisoned!
You die... .....#. ....... .....# #..
K....# ..
KKo..

#. ##.o.
#.## #{o#
#..# #@#
###.####.#
#...†..#.#
#......#.#
#........#
#......###
#..>...#
#......#
#......#


You could see a kobold brigand, an orc wizard, 2 orcs and 2 kobolds.

Vanquished Creatures
  A wyvern (D:8)
  2 vampire mosquitoes (D:6)
  Edmund (D:4)
  A water moccasin (D:6)
  2 ice beasts
  A sky beast (D:6)
  2 ogres (D:6)
  A centaur (D:9)
  A phantom (D:6)
  A kobold brigand (Sewer)
  3 scorpions
  5 killer bees
  4 hounds
  Crazy Yiuf (D:2)
  A jelly (D:6)
  A gnoll bouda (D:6)
  2 orc priests
  A sleepcap (D:6)
  An orc wizard (D:6)
  3 iguanas
  Natasha (thrice) (D:4)
  4 gnolls (D:6)
  12 adders
  5 river rats
  2 shadow imps (D:6)
  2 white imps (D:6)
  2 ufetubi
  5 worms
  2 dart slugs
  18 orcs
  14 ball pythons
  9 endoplasms
  2 giant cockroaches (D:3)
  8 goblins
  6 hobgoblins
  5 jackals
  3 quokkas
  7 bats
  9 frilled lizards
  15 kobolds
  16 rats
184 creatures vanquished.

Notes
Turn   | Place    | Note
-------+----------+-------------------------------------------
     0 | D:1      | eatmyshorts the Minotaur Berserker began the quest for the
                  | Orb.
     0 | D:1      | Reached XP level 1. HP: 19/19 MP: 0/0
    29 | D:1      | Found Keohisie's Antique Weapon Emporium.
    89 | D:1      | Reached skill level 4 in Axes
    89 | D:1      | Reached XP level 2. HP: 19/27 MP: 1/1
   399 | D:1      | Reached XP level 3. HP: 34/34 MP: 2/2
   505 | D:1      | Found a faded altar of an unknown god.
   512 | D:1      | Reached ** piety under Trog
  1195 | D:2      | Reached XP level 4. HP: 39/41 MP: 3/3
  1406 | D:2      | Found a runed translucent door.
  1407 | D:2      | Noticed Crazy Yiuf
  1737 | D:2      | Killed Crazy Yiuf
  1738 | D:2      | Reached skill level 5 in Axes
  1899 | D:3      | Found a basalt altar of Yredelemnul.
  1899 | D:3      | Found a glowing golden altar of the Shining One.
  1907 | D:3      | Noticed an angel
  2120 | D:3      | Found a glowing drain.
  2127 | D:3      | Reached XP level 5. HP: 47/47 MP: 4/4
  2134 | Sewer    | Entered a sewer
  2161 | Sewer    | Reached *** piety under Trog
  2218 | Sewer    | Reached skill level 5 in Fighting
  2218 | Sewer    | Reached skill level 6 in Axes
  2448 | Sewer    | Reached XP level 6. HP: 42/56 MP: 5/5
  3466 | D:3      | Found a shimmering altar of Xom.
  3466 | D:3      | Found a glowing silver altar of Zin.
  3474 | D:3      | Found an iron altar of Okawaru.
  3476 | D:3      | Found a bloodstained altar of Trog.
  3478 | D:3      | Found an ancient bone altar of Kikubaaqudgha.
  3594 | D:3      | Noticed a profane servitor
  3736 | D:1      | Bought a runed war axe for 117 gold pieces
  3828 | D:4      | Found a broken altar of Ashenzari.
  4077 | D:4      | Noticed Natasha
  4084 | D:4      | Killed Natasha
  4204 | D:4      | Noticed Natasha
  4205 | D:4      | Noticed Edmund
  4208 | D:4      | Killed Natasha
  4208 | D:4      | Reached **** piety under Trog
  4218 | D:4      | Killed Edmund
  4219 | D:4      | Reached XP level 7. HP: 43/61 MP: 6/6
  4589 | D:4      | Noticed Natasha
  4594 | D:4      | Killed Natasha
  4595 | D:4      | Reached skill level 7 in Axes
  4842 | D:5      | Entered Level 5 of the Dungeon
  4850 | D:5      | Reached skill level 5 in Armour
  5012 | D:5      | Found a staircase to the Ecumenical Temple.
  5016 | D:5      | Reached skill level 1 in Stealth
  5375 | D:5      | Found a hide-covered altar of Uskayaw.
  5586 | D:6      | Reached skill level 8 in Axes
  5586 | D:6      | Reached XP level 8. HP: 70/70 MP: 7/7
  6062 | D:6      | Reached skill level 9 in Axes
  6294 | D:6      | Reached skill level 10 in Axes
  6294 | D:6      | Reached XP level 9. HP: 67/78 MP: 8/8
  6361 | D:6      | Found Impenopn's Book Emporium.
  6772 | D:7      | You fall into a shaft and drop 2 floors!
  6868 | D:8      | Noticed Erica
  6879 | D:8      | HP: 5/118 [something (1)]
  6881 | D:8      | Reached skill level 5 in Dodging
  6882 | D:8      | Killed from afar by Erica

Illustrated notes

Levels and vault maps discovered:
D:1:      minmay_arrival_wavy_path, layout_basic, serial_shops, shop,
          hellmonk_ecumenical_altar_blasted,
          nicolae_concentric_dashed_squares_mild
D:2:      layout_loops_corners, serial_bayou, serial_bayou_shore_a,
          serial_bayou_lagoon_a, serial_bayou_ford_a, serial_bayou_crossing,
          uniq_crazy_yiuf_cottage
D:3:      layout_rooms, grunt_temple_overflow_holy_war,
          chequers_temple_overflow_minitemple, cheibrodos_sewer_entry_sluice,
          serial_bayou_pond_c, kennysheep_nub
D:4:      layout_basic, cheibrodos_ashenzari_chains, uniq_natasha, uniq_edmund
D:5:      layout_gridville, mainiacjoe_overflow_concentric_impassable,
          minmay_temple_entry_purple_smoke, kennysheep_cross_room
D:6:      layout_loops_ring, serial_shops, shop, minmay_stone_trees_small,
          corexii_item_surrounded_by_moat, grunt_potential
D:7:      layout_loops_ring, nicolae_dithmenos_the_darkroom,
          nicolae_overflow_hidden_temple, hellmonk_no_cap
D:8:      layout_rooms, enter_bailey_2, minivault_1, minmay_evil_grid,
          uniq_psyche, uniq_maggie, uniq_erica
D:9:      minmay_statue_hallways, layout_rooms, gammafunk_ghost_spectres

Skill      XL: |  1  2  3  4  5  6  7  8  9 |
---------------+----------------------------+-----
Axes           | 4 5 6 8 10 | 10.9
Fighting       | 4 5 6 7 |  7.3
Armour         | 3 4 6 7 |  7.3
Dodging        | 3 4 5 |  5.0
Stealth        | 1 2 |  2.0

Action                     |  1- 3 |  4- 6 |  7- 9 || total
---------------------------+-------+-------+-------++-------
  Melee: Hand axe          |    63 |   181 |       ||   244
         Headbutt          |    12 |    40 |    27 ||    79
         Punch             |     1 |     2 |       ||     3
         Unarmed           |       |     1 |       ||     1
         War axe           |       |    23 |   153 ||   176
 Invoke: Berserk           |       |     1 |     2 ||     3
    Use: Scroll            |       |       |     7 ||     7
 Armour: Animal skin       |     3 |       |       ||     3
         Ring mail         |    16 |    85 |    57 ||   158
  Dodge: Dodged            |    55 |   134 |   109 ||   298
